 Dungeon Crawl Stone Soup version 0.17.0-28-g6e173f8 (console) character file.

233 Kloppie the Skirmisher (level 6, -7/57 HPs)
             Began as a Hill Orc Fighter on Nov 22, 2015.
             Mangled by an ogre
             ... wielding a +0 giant spiked club
              (19 damage)
             ... on level 4 of the Dungeon.
             The game lasted 00:03:50 (2903 turns).

Kloppie the Skirmisher (Hill Orc Fighter)           Turns: 2903, Time: 00:03:50

Health: -7/57      AC:  9    Str: 19    XL:     6   Next: 4%
Magic:  6/6        EV:  7    Int:  8    God:
Gold:   132        SH:  9    Dex: 12    Spells: 0 memorised, 5 levels left

rFire  . . .     SeeInvis .     a - +0 war axe
rCold  . . .     Clarity  .     b - +0 scale mail
rNeg   . . .     SustAt   .     c - +0 shield
rPois  .         Gourm    .     m - +0 helmet
rElec  .         Spirit   .     (no cloak)
rCorr  .         Warding  .     r - +0 pair of gloves
rMut   .         Stasis   .     (no boots)
MR     .....                    (no amulet)
Stlth  ..........               (no ring)
                                (no ring)

@: not resistant to hostile enchantments, extremely unstealthy
A: no striking features
a: no special abilities


You were on level 4 of the Dungeon.
You were hungry.

You visited 1 branch of the dungeon, and saw 4 of its levels.

You collected 132 gold pieces.

Inventory:

Hand Weapons
 a - a +0 war axe (weapon)
Armour
 b - a +0 scale mail (worn)
 c - a +0 shield (worn)
 m - a +0 helmet (worn)
 r - a +0 pair of gloves (worn)
Jewellery
 p - a cursed amulet of inaccuracy {unknown}
Wands
 l - a wand of teleportation (3)
 x - a wand of polymorph (10)
Scrolls
 f - 2 scrolls of identify {unknown}
 g - a scroll of enchant armour {unknown}
 h - a scroll of enchant weapon {unknown}
 i - a scroll of recharging {unknown}
 n - a scroll of amnesia {unknown}
 q - 3 scrolls of remove curse {unknown}
 s - a scroll of fear {unknown}
 u - a scroll of immolation {unknown}
Potions
 d - a potion of might
 j - a potion of invisibility {unknown}
 k - a potion of flight {unknown}
 t - a potion of poison {unknown}
 v - a potion of brilliance {unknown}
 w - a potion of haste {unknown}
Comestibles
 e - 5 bread rations
 o - a slice of pizza


   Skills:
 + Level 6.2 Fighting
 + Level 5.8 Axes
 - Level 3.2 Armour
 - Level 3.2 Shields


You had 5 spell levels left.
You didn't know any spells.

Dungeon Overview and Level Annotations

Branches:
Dungeon (4/15)
 Temple: D:4-7

Altars:
Sif Muna

Annotations:
D:3 Sigmund


Message History

You slash the jackal!
You kill the jackal!
You completely miss the jackal. The jackal barely misses you.
You block the jackal's attack.
You slash the jackal!
You kill the jackal!
You hit the jackal.
The jackal is moderately wounded.
You block the jackal's attack.
You slash the jackal!
You kill the jackal!
The ogre hits you with a giant spiked club!
You hit the ogre but do no damage.
The ogre hits you with a giant spiked club!!
* * * LOW HITPOINT WARNING * * *
You are too injured to fight recklessly!
You hit the ogre.
The ogre is lightly wounded.
The ogre hits you with a giant spiked club!!
You die...

. .#
##################.#
#.................##
####..........#.†.....#
....[.#######...@O...#
#####.# #.######....
#####.#######.# #
..............#
..###.######### .#.##.#
......# .#...## ..#..#


You could see an ogre.

Vanquished Creatures
  Jessica (D:3)
  An orc priest (D:2)
  A worker ant (D:4)
  The ghost of stigatle the Skirmisher, a weakling DsBe of Trog (D:3)
  Robin (D:2)
  A gnoll (D:1)
  5 adders
  3 giant geckos
  5 orcs (D:3)
  6 bats
  4 giant cockroaches
  10 hobgoblins
  3 jackals (D:4)
  A ball python (D:1)
  4 giant newts
  13 goblins
  8 kobolds
  3 rats (D:1)
71 creatures vanquished.

Notes
Turn   | Place    | Note
--------------------------------------------------------------
     0 | D:1      | Kloppie the Hill Orc Fighter began the quest for the Orb.
     0 | D:1      | Reached XP level 1. HP: 19/19 MP: 1/1
   106 | D:1      | Reached XP level 2. HP: 27/27 MP: 2/2
   120 | D:1      | Reached skill level 4 in Fighting
   257 | D:1      | Reached XP level 3. HP: 9/34 MP: 3/3
  1081 | D:2      | Noticed Robin
  1098 | D:2      | Killed Robin
  1098 | D:2      | Reached skill level 5 in Fighting
  1098 | D:2      | Reached XP level 4. HP: 25/42 MP: 4/4
  1402 | D:2      | Found a deep blue altar of Sif Muna.
  1666 | D:3      | Noticed Jessica
  1946 | D:3      | Killed Jessica
  1946 | D:3      | Reached XP level 5. HP: 48/48 MP: 5/5
  2292 | D:3      | Reached skill level 5 in Axes
  2348 | D:3      | Noticed stigatle's ghost (weakling DsBe)
  2364 | D:3      | Killed stigatle's ghost
  2705 | D:3      | Reached skill level 6 in Fighting
  2762 | D:3      | Noticed Sigmund
  2858 | D:4      | Reached XP level 6. HP: 46/57 MP: 6/6
  2897 | D:4      | Noticed an ogre
  2903 | D:4      | Mangled by an ogre

Action                   |  1- 3 |  4- 6 || total
-------------------------+-------+-------++-------
Melee: War axe           |    83 |   139 ||   222
  Eat: Chunk             |     1 |     5 ||     6
